 Dungeon Crawl Stone Soup version 0.27.1-33-g824d729ab1 (webtiles) character file.

Game seed: 5773195957534460442

327 MisterFreud the Fighter (level 6, -7/54 HPs)
             Began as a Gnoll Wanderer on Dec 22, 2021.
             Was a Plaything of Xom.
             Mangled by an ice devil (8 damage)
             ... summoned by Xom
             ... on level 4 of the Dungeon.
             The game lasted 00:05:08 (4033 turns).

MisterFreud the Fighter (Gnoll Wanderer)            Turns: 4033, Time: 00:05:09

Health: -7/54      AC:  1    Str: 14      XL:     6   Next: 50%
Magic:  9/11       EV: 11    Int: 13      God:    Xom [*.....]
Gold:   107        SH:  0    Dex:  7 (9)  Spells: 10/11 levels left

rFire    . . .     SeeInvis .   k - +1 dagger (venom)
rCold    . . .     Faith    .   (no shield)
rNeg     . . .     Spirit   .   c - +0 robe
rPois    .         Reflect  .   (no helmet)
rElec    .         Harm     .   (no cloak)
rCorr    .         Rampage  .   (no gloves)
Will     .....                  (no boots)
Stlth    ++........             (no amulet)
HPRegen  0.18/turn              (no ring)
MPRegen  0.12/turn              (no ring)

@: unable to read
A: fangs 1, strong nose, distributed training, deformed body, frail 1, screaming
1, inability to read while threatened
a: Renounce Religion


You were on level 4 of the Dungeon.
You worshipped Xom.
You were a special plaything of Xom.
You visited 1 branch of the dungeon, and saw 4 of its levels.

You collected 107 gold pieces.

Inventory:

Hand Weapons
 a - a +2 spear
 k - a +1 dagger of venom (weapon)
Missiles
 l - 5 poisoned darts
Armour
 c - a +0 robe (worn)
Scrolls
 d - a scroll of magic mapping {unknown}
 e - a scroll of enchant weapon {unknown}
 g - a scroll of fog {unknown}
 i - 2 scrolls of teleportation
Potions
 b - a potion of curing
 f - a potion of mutation {unknown}
 h - a potion of attraction {unknown}
 j - a potion of lignification {unknown}
 m - a potion of magic {unknown}
 n - a potion of degeneration {unknown}
 o - a potion of berserk rage {unknown}
 p - a potion of brilliance {unknown}


   Skills:
 + Level 10.5 Fighting
 + Level 2.0 Short Blades
 + Level 2.0 Long Blades
 + Level 2.0 Axes
 + Level 2.0 Maces & Flails
 + Level 2.0 Polearms
 + Level 2.0 Staves
 + Level 2.0 Slings
 + Level 2.0 Bows
 + Level 2.0 Crossbows
 + Level 2.0 Throwing
 + Level 2.0 Armour
 + Level 2.0 Dodging
 + Level 3.1 Stealth
 + Level 2.0 Shields
 + Level 2.0 Unarmed Combat
 + Level 3.4 Spellcasting
 + Level 4.1 Conjurations
 + Level 1.5 Hexes
 + Level 1.5 Summonings
 + Level 1.5 Necromancy
 + Level 1.5 Translocations
 + Level 1.5 Transmutations
 + Level 1.5 Fire Magic
 + Level 1.5 Ice Magic
 + Level 1.5 Air Magic
 + Level 1.5 Earth Magic
 + Level 1.5 Poison Magic
 + Level 2.2 Invocations
 + Level 3.2 Evocations


You had 10 spell levels left.
You knew the following spells:

 Your Spells              Type           Power      Damage    Failure   Level
a - Foxfire               Conj/Fire      36%        2x1d5     7%          1

Your spell library contained the following spells:

 Spells                   Type           Power      Damage    Failure   Level
 Apportation              Tloc           12%        N/A       12%         1
 Corona                   Hex            6%         N/A       12%         1
 Freeze                   Ice            24%        1d5       12%         1
 Ensorcelled Hibernation  Hex/Ice        12%        N/A       17%         2
 Conjure Flame            Conj/Fire      9%         6-21      21%         3
 Frozen Ramparts          Ice            12%        1d3       34%         3
 Tukima's Dance           Hex            6%         N/A       34%         3
 Hailstorm                Conj/Ice       9%         3d4       56%         4
 Alistair's Intoxication  Tmut/Pois      4%         N/A       97%         5
 Invisibility             Hex            3%         N/A       100%        6


Dungeon Overview and Level Annotations

Branches:
Dungeon (4/15)
 Temple: D:4-7

Altars:
Ashenzari
Nemelex Xobeh
Qazlal
Ru
Sif Muna
Xom

Shops:
D:3 (


Innate Abilities, Weirdness & Mutations

You have very sharp teeth.
Your uncanny sense of smell can sniff out nearby items.
Your experience applies equally to all skills.
Armour fits poorly on your strangely shaped body.
You are frail. (-10% HP)
You occasionally shout uncontrollably at your foes.
You sometimes lose the ability to read scrolls when taking damage.


Message History

The ogre is heavily wounded.
You hit the ogre.
The ogre is poisoned.
The ogre is heavily wounded.
The foxfire hits the ogre.
The ogre is severely wounded.
The quasit bites you.
You feel clumsy. The quasit claws you.
The quasit claws you but does no damage.
You barely miss the ogre.
The ogre is severely wounded.
The ogre hits you with a +0 giant club!!
You hit the ogre.
The ogre looks as sick as possible!
Your bite misses the ogre.
The ogre is almost dead.
The shadow imp misses you. The ogre hits you with a +0 giant club!
You feel threatened and lose the ability to read scrolls!
* * * LOW HITPOINT WARNING * * *
The iron imp hits you.
* * * LOW HITPOINT WARNING * * *
Unknown command.
Unknown command.
You barely miss the ogre.
The ogre is almost dead.
The ice devil barely misses you. The shadow imp misses you.
The quasit barely misses you.
The quasit claws you but does no damage.
The quasit barely misses you.
Unknown command.
You hit the ogre.
You kill the ogre!
The quasit bites you.
* * * LOW HITPOINT WARNING * * *
The quasit claws you.
* * * LOW HITPOINT WARNING * * *
You feel clumsy. The quasit misses you. The ice devil hits you!
* * * LOW HITPOINT WARNING * * *
The ice devil freezes you!
You die...

#................#
#.#.###.####......
#.#.# #.# #.....#
#.#.# #.# #.#.#.#
#...# #.# #.#.#.#
#.### #.# #.....# #.#
#.# ###+### #5#####.#
##...## #@5.....#
##.....#
#.54)....####....... ∆
#.#.#....# #........
............+........
###∆#......###.....<..
##.#.#.# #.......
.###.# ##.....# .# #
##...## ##'##


You could see an ice devil (summoned), an iron imp (summoned), a quasit
(summoned) and a shadow imp (summoned).

Vanquished Creatures
  A necrophage (D:3)
  An ogre (D:4)
  A jelly (D:4)
  2 orc priests (D:3)
  An iguana (D:3)
  A killer bee zombie (D:3)
  A gnoll (D:1)
  2 adders
  2 worms
  A dart slug (D:1)
  7 orcs (D:3)
  2 giant cockroaches
  8 goblins
  4 hobgoblins
  3 jackals (D:3)
  8 kobolds
  8 ball pythons
  10 bats
  2 frilled lizards
  5 rats
70 creatures vanquished.

Vanquished Creatures (others)
  124 foxfires
124 creatures vanquished.

Grand Total: 194 creatures vanquished

Notes
Turn   | Place    | Note
-------+----------+-------------------------------------------
     0 | D:1      | Reached skill level 10 in Fighting
     0 | D:1      | MisterFreud the Gnoll Wanderer began the quest for the Orb.
     0 | D:1      | MisterFreud set off with the following items: a +2 spear, a
                  | potion of curing, a +0 robe; and the following spell
                  | memorised: Foxfire; and the following spells available to
                  | memorise: Conjure Flame
     0 | D:1      | Reached XP level 1. HP: 28/28 MP: 4/4
   182 | D:1      | Reached XP level 2. HP: 26/36 MP: 3/5
   520 | D:1      | Reached XP level 3. HP: 32/42 MP: 7/7
   821 | D:1      | Reached skill level 1 in Invocations
  1089 | D:2      | Reached skill level 1 in Short Blades
  1089 | D:2      | Reached skill level 1 in Long Blades
  1089 | D:2      | Reached skill level 1 in Axes
  1089 | D:2      | Reached skill level 1 in Maces & Flails
  1089 | D:2      | Reached skill level 1 in Polearms
  1089 | D:2      | Reached skill level 1 in Staves
  1089 | D:2      | Reached skill level 1 in Slings
  1089 | D:2      | Reached skill level 1 in Bows
  1089 | D:2      | Reached skill level 1 in Crossbows
  1089 | D:2      | Reached skill level 1 in Throwing
  1089 | D:2      | Reached skill level 1 in Armour
  1089 | D:2      | Reached skill level 1 in Dodging
  1089 | D:2      | Reached skill level 1 in Shields
  1089 | D:2      | Reached skill level 1 in Unarmed Combat
  1513 | D:2      | Found a faded altar of an unknown god.
  1603 | D:2      | Became a worshipper of Xom the Psychotic
  1729 | D:2      | XOM: smoke on damage
  1734 | D:2      | Reached XP level 4. HP: 40/48 MP: 8/8
  1923 | D:2      | XOM: silly message
  1924 | D:2      | XOM: silly message
  1969 | D:2      | XOM: god gift: scroll labelled ROOFOT LOSTRI {god gift}
  2452 | D:3      | Found Siclyg's Weapon Emporium.
  2523 | D:3      | Found a broken altar of Ashenzari.
  2526 | D:3      | Found a sacrificial altar of Ru.
  2540 | D:3      | Found a sparkling altar of Nemelex Xobeh.
  2540 | D:3      | XOM: divination: detect creatures
  2562 | D:3      | Reached skill level 1 in Hexes
  2562 | D:3      | Reached skill level 1 in Summonings
  2562 | D:3      | Reached skill level 1 in Necromancy
  2562 | D:3      | Reached skill level 1 in Translocations
  2562 | D:3      | Reached skill level 1 in Transmutations
  2562 | D:3      | Reached skill level 1 in Fire Magic
  2562 | D:3      | Reached skill level 1 in Ice Magic
  2562 | D:3      | Reached skill level 1 in Air Magic
  2562 | D:3      | Reached skill level 1 in Earth Magic
  2562 | D:3      | Reached skill level 1 in Poison Magic
  2564 | D:3      | Reached XP level 5. HP: 41/54 MP: 5/9
  2642 | D:3      | Found a stormy altar of Qazlal.
  2889 | D:3      | Noticed a necrophage
  2906 | D:3      | Killed a necrophage
  2907 | D:3      | Reached XP level 6. HP: 49/61 MP: 3/10
  3343 | D:3      | XOM is BORED!
  3343 | D:3      | XOM: give mutations
  3343 | D:3      | Gained mutation: You sometimes lose the ability to read
                  | scrolls when taking damage. [Xom's mischief]
  3343 | D:3      | Gained mutation: You occasionally shout uncontrollably at
                  | your foes. [Xom's mischief]
  3343 | D:3      | Gained mutation: You are frail. (-10% HP) [Xom's mischief]
  3343 | D:3      | Gained mutation: Armour fits poorly on your strangely
                  | shaped body. [Xom's mischief]
  3414 | D:3      | Found a shimmering blue altar of Sif Muna.
  4028 | D:4      | XOM: summons 4 hostile demons
  4029 | D:4      | Noticed an ice devil
  4033 | D:4      | HP: 1/54 [ice devil[Xom] (7)]
  4033 | D:4      | Mangled by an ice devil

Illustrated notes

Levels and vault maps discovered:
D:1:      noname_arrival_rooms_in_the_neighbourhood, layout_loops_ring,
          minmay_distorted
D:2:      layout_basic, hellmonk_ecumenical_altar_run_dry
D:3:      layout_loops_corners, grunt_temple_overflow_cloverleaf,
          lemuel_coloured_pillars_altar, serial_shops, shop
D:4:      layout_loops_corners

Skill      XL: |  1  2  3  4  5  6 |
---------------+-------------------+-----
Fighting       | | 10.5
Invocations    | 1 2 |  2.2
Short Blades   | 1 2 |  2.0
Long Blades    | 1 2 |  2.0
Axes           | 1 2 |  2.0
Maces & Flails | 1 2 |  2.0
Polearms       | 1 2 |  2.0
Staves         | 1 2 |  2.0
Slings         | 1 2 |  2.0
Bows           | 1 2 |  2.0
Crossbows      | 1 2 |  2.0
Throwing       | 1 2 |  2.0
Armour         | 1 2 |  2.0
Dodging        | 1 2 |  2.0
Shields        | 1 2 |  2.0
Unarmed Combat | 1 2 |  2.0
Spellcasting   | 3 |  3.4
Hexes          | 1 |  1.5
Summonings     | 1 |  1.5
Necromancy     | 1 |  1.5
Translocations | 1 |  1.5
Transmutations | 1 |  1.5
Fire Magic     | 1 |  1.5
Ice Magic      | 1 |  1.5
Air Magic      | 1 |  1.5
Earth Magic    | 1 |  1.5
Poison Magic   | 1 |  1.5
Conjurations   | 4 |  4.1
Evocations     | 3 |  3.2
Stealth        | 3 |  3.1

Action                   |  1- 3 |  4- 6 || total
-------------------------+-------+-------++-------
Melee: Spear             |    78 |    35 ||   113
       Bite              |     5 |     5 ||    10
       Dagger            |       |    28 ||    28
 Cast: Foxfire           |    27 |    53 ||    80
  Use: Scroll            |       |     1 ||     1
 Stab: Sleeping          |     4 |     1 ||     5
Armor: Robe              |    16 |     6 ||    22
Dodge: Dodged            |    34 |    35 ||    69
